PAA
IRVING BLUE SOX @ SUN PRAIRIE SWALLOWS
08/23/2020
 
TOP OF THE 1ST
Irving Blue Sox batting - Pitching for Sun Prairie Swallows : RHP Jim Unknown
Pitching: RHP Jim Unknown
Batting: RHB Nathan Boswell 0-0: Ball
1-0: Called Strike
1-1: Foul Ball, location: 2F
1-2: Ground out 5-3 (Groundball, 56S)
Batting: RHB Júlio López 0-0: Ball
1-0: Foul Ball, location: 2F
1-1: Ball
2-1: Fly out, F3 (Popup, 3F)
Batting: RHB Stan Barnes 0-0: Fly out, F9 (Flyball, 9S)
Top of the 1st over - 0 run(s), 0 hit(s), 0 error(s), 0 left on base; Irving 0 - Sun Prairie 0
BOTTOM OF THE 1ST
Sun Prairie Swallows batting - Pitching for Irving Blue Sox : LHP Carlos Hernández
Pitching: LHP Carlos Hernández
Batting: RHB Jim Unknown 0-0: Called Strike
0-1: Swinging Strike
0-2: Ball
1-2: Foul Ball, location: 2F
1-2: Ball
2-2: Ground out 4-3 (Groundball, 4M)
Batting: RHB Jim Unknown 0-0: Ball
1-0: Called Strike
1-1: Foul Ball, location: 2F
1-2: Ball
2-2: SINGLE (Line Drive, 78S)
Batting: RHB Juan Tapia 0-0: Ball
1-0: Called Strike
1-1: Ball
2-1: Called Strike
2-2: Foul Ball, location: 2F
2-2: Strikes out swinging
Batting: SHB Jim Unknown 0-0: Called Strike
0-1: Called Strike
0-2: Foul Ball, location: 2F
0-2: Foul Ball, location: 2F
0-2: Ball
1-2: Strikes out looking
Bottom of the 1st over - 0 run(s), 1 hit(s), 0 error(s), 1 left on base; Irving 0 - Sun Prairie 0
TOP OF THE 2ND
Irving Blue Sox batting - Pitching for Sun Prairie Swallows : RHP Jim Unknown
Batting: SHB Ron Peterson 0-0: Called Strike
0-1: Ball
1-1: Fly out, F7 (Flyball, 7M)
Batting: LHB Kyle James 0-0: Ball
1-0: Foul Ball, location: 2F
1-1: Ball
2-1: Swinging Strike
2-2: Ball
3-2: Strikes out swinging
Batting: RHB Pat Lugo 0-0: Foul Ball, location: 2F
0-1: Foul Ball, location: 2F
0-2: Strikes out looking
Top of the 2nd over - 0 run(s), 0 hit(s), 0 error(s), 0 left on base; Irving 0 - Sun Prairie 0
BOTTOM OF THE 2ND
Sun Prairie Swallows batting - Pitching for Irving Blue Sox : LHP Carlos Hernández
Batting: SHB Jim Unknown 0-0: Ball
1-0: Ground out 6-3 (Groundball, 6)
Batting: LHB Jim Unknown 0-0: Ball
1-0: Foul Ball, location: 2F
1-1: Swinging Strike
1-2: Foul Ball, location: 2F
1-2: Fly out, F3 (Line Drive, 3S)
Batting: LHB Jim Unknown 0-0: Ball
1-0: Ground out 6-3 (Groundball, 6)
Bottom of the 2nd over - 0 run(s), 0 hit(s), 0 error(s), 0 left on base; Irving 0 - Sun Prairie 0
TOP OF THE 3RD
Irving Blue Sox batting - Pitching for Sun Prairie Swallows : RHP Jim Unknown
Batting: RHB Danny Hall 0-0: Ball
1-0: Swinging Strike
1-1: Ball
2-1: Foul Ball, location: 2F
2-2: Strikes out looking
Batting: RHB Alfredo Chávez 0-0: Ball
1-0: Called Strike
1-1: Fly out, F7 (Flyball, 78M)
Batting: RHB Will Hunter 0-0: Called Strike
0-1: SOLO HOME RUN (Flyball, 7D), Distance : 408 ft
Batting: RHB Nathan Boswell 0-0: Ball
1-0: Fly out, F4 (Popup, 8RS)
Top of the 3rd over - 1 run(s), 1 hit(s), 0 error(s), 0 left on base; Irving 1 - Sun Prairie 0
BOTTOM OF THE 3RD
Sun Prairie Swallows batting - Pitching for Irving Blue Sox : LHP Carlos Hernández
Batting: RHB Jim Unknown 0-0: Ball
1-0: Ball
2-0: Called Strike
2-1: Fly out, F3 (Popup, 3F)
Batting: LHB Jim Unknown 0-0: Fly out, F5 (Popup, 5F)
Batting: RHB Jim Unknown 0-0: Called Strike
0-1: Called Strike
0-2: Ground out 6-3 (Groundball, 6MS)
Bottom of the 3rd over - 0 run(s), 0 hit(s), 0 error(s), 0 left on base; Irving 1 - Sun Prairie 0
TOP OF THE 4TH
Irving Blue Sox batting - Pitching for Sun Prairie Swallows : RHP Jim Unknown
Batting: RHB Júlio López 0-0: Called Strike
0-1: Ground out 4-3 (Groundball, 13)
Batting: RHB Stan Barnes 0-0: Ball
1-0: Called Strike
1-1: Ball
2-1: Foul Ball, location: 2F
2-2: Foul Ball, location: 2F
2-2: Strikes out looking
Batting: SHB Ron Peterson 0-0: Ball
1-0: Ball
2-0: Ground out 5-3 (Groundball, 56S)
Top of the 4th over - 0 run(s), 0 hit(s), 0 error(s), 0 left on base; Irving 1 - Sun Prairie 0
BOTTOM OF THE 4TH
Sun Prairie Swallows batting - Pitching for Irving Blue Sox : LHP Carlos Hernández
Batting: RHB Jim Unknown 0-0: Ball
1-0: Ball
2-0: Ground out 5-3 (Groundball, 5S)
Batting: RHB Juan Tapia 0-0: Called Strike
0-1: Foul Ball, location: 2F
0-2: Strikes out swinging
Batting: SHB Jim Unknown 0-0: Ball
1-0: SINGLE (Line Drive, 4MD)
Batting: SHB Jim Unknown 0-0: Called Strike
0-1: Swinging Strike
0-2: Ball
1-2: Ball
2-2: Foul Ball, location: 2F
2-2: Ball
3-2: Foul Ball, location: 2F
3-2: Foul Ball, location: 2F
3-2: Base on Balls
Jim Unknown to second
Batting: LHB Jim Unknown 0-0: Foul Ball, location: 2F
0-1: Ball
1-1: SINGLE (Line Drive, 34D)
Jim Unknown to third
Jim Unknown to second
Batting: LHB Jim Unknown 0-0: Ball
1-0: Ball
2-0: Ball
3-0: Base on Balls
Jim Unknown scores
Jim Unknown to third
Jim Unknown to second
Batting: RHB Jim Unknown 0-0: Ball
1-0: Ball
2-0: Ball
3-0: Swinging Strike
3-1: SINGLE (Line Drive, 7LS)
Jim Unknown scores
Jim Unknown to third
Jim Unknown to second
Batting: LHB Jim Unknown 0-0: Ball
1-0: Called Strike
1-1: Ball
2-1: Ball
3-1: Fielders Choice at 2nd, U4 (Groundball, 4M)
Bottom of the 4th over - 2 run(s), 3 hit(s), 0 error(s), 3 left on base; Irving 1 - Sun Prairie 2
TOP OF THE 5TH
Irving Blue Sox batting - Pitching for Sun Prairie Swallows : RHP Jim Unknown
Batting: LHB Kyle James 0-0: Called Strike
0-1: Swinging Strike
0-2: Foul Ball, location: 2F
0-2: Ball
1-2: Ball
2-2: Foul Ball, location: 2F
2-2: Foul Ball, location: 2F
2-2: Foul Ball, location: 2F
2-2: Fly out, F6 (Popup, 56D)
Batting: RHB Pat Lugo 0-0: Called Strike
0-1: Ball
1-1: Ball
2-1: Foul Ball, location: 2F
2-2: SINGLE (Groundball, 6MD)
Batting: RHB Danny Hall 0-0: Ball
1-0: Foul Ball, location: 2F
1-1: Foul Ball, location: 2F
1-2: Ball
2-2: Fly out, F8 (Flyball, 8RM)
Batting: RHB Alfredo Chávez 0-0: Ball
1-0: Swinging Strike
1-1: Ball
2-1: Ball
3-1: Called Strike
3-2: Ground out 3-1 (Groundball, 34)
Top of the 5th over - 0 run(s), 1 hit(s), 0 error(s), 1 left on base; Irving 1 - Sun Prairie 2
BOTTOM OF THE 5TH
Sun Prairie Swallows batting - Pitching for Irving Blue Sox : LHP Carlos Hernández
Batting: RHB Jim Unknown 0-0: Ball
1-0: Swinging Strike
1-1: Ball
2-1: Called Strike
2-2: Ball
3-2: Strikes out swinging
Batting: RHB Jim Unknown 0-0: Called Strike
0-1: Ball
1-1: Ball
2-1: Foul Ball, location: 2F
2-2: Ball
3-2: Base on Balls
Batting: RHB Juan Tapia 0-0: Called Strike
0-1: Ball
1-1: Swinging Strike
1-2: Ball
2-2: Foul Ball, location: 2F
2-2: Foul Ball, location: 2F
2-2: DOUBLE (Flyball, 8LD)
Jim Unknown to third
Runner from 3rd tries for Home, SAFE, no throw or cutoff
Batting: SHB Jim Unknown 0-0: Ball
1-0: Ball
2-0: Ground out 5-3 (Groundball, 6)
Batting: SHB Jim Unknown 0-0: Called Strike
0-1: Ball
1-1: Foul Ball, location: 2F
1-2: Foul Ball, location: 2F
1-2: Fly out, F7 (Line Drive, 7M)
Bottom of the 5th over - 1 run(s), 1 hit(s), 0 error(s), 1 left on base; Irving 1 - Sun Prairie 3
TOP OF THE 6TH
Irving Blue Sox batting - Pitching for Sun Prairie Swallows : RHP Jim Unknown
Batting: RHB Will Hunter 0-0: Foul Ball, location: 2F
0-1: Ball
1-1: SINGLE (Groundball, 6MD)
Batting: RHB Nathan Boswell 0-0: Ball
1-0: Ball
2-0: Ball
3-0: Base on Balls
Will Hunter to second
Batting: RHB Júlio López 0-0: Bunted foul
0-1: Bunt missed!
0-2: Fielders Choice at 2nd, 1-6 (Groundball, 15)
Will Hunter to third
Batting: RHB Stan Barnes 0-0: Ball
1-0: Foul Ball, location: 2F
1-1: Foul Ball, location: 2F
1-2: Strikes out looking
Batting: SHB Ron Peterson 0-0: Called Strike
0-1: Swinging Strike
0-2: Foul Ball, location: 2F
0-2: Ball
1-2: Ball
2-2: Strikes out swinging
Top of the 6th over - 0 run(s), 1 hit(s), 0 error(s), 2 left on base; Irving 1 - Sun Prairie 3
BOTTOM OF THE 6TH
Sun Prairie Swallows batting - Pitching for Irving Blue Sox : LHP Carlos Hernández
Batting: LHB Jim Unknown 0-0: Ball
1-0: Ball
2-0: Ball
3-0: Called Strike
3-1: Foul Ball, location: 2F
3-2: Ground out 6-3 (Groundball, 6)
Batting: LHB Jim Unknown 0-0: Ground out 3-1 (Groundball, 34)
Batting: RHB Jim Unknown 0-0: Ball
1-0: Called Strike
1-1: Swinging Strike
1-2: Foul Ball, location: 2F
1-2: Strikes out swinging
Bottom of the 6th over - 0 run(s), 0 hit(s), 0 error(s), 0 left on base; Irving 1 - Sun Prairie 3
TOP OF THE 7TH
Irving Blue Sox batting - Pitching for Sun Prairie Swallows : RHP Jim Unknown
Batting: LHB Kyle James 0-0: Ground out 5-3 (Groundball, 5L)
Batting: RHB Pat Lugo 0-0: Called Strike
0-1: Ball
1-1: Ground out 5-3 (Groundball, 56S)
Batting: RHB Danny Hall 0-0: Foul Ball, location: 2F
0-1: Ball
1-1: Foul Ball, location: 2F
1-2: Ball
2-2: Foul Ball, location: 2F
2-2: Foul Ball, location: 2F
2-2: Ball
3-2: Fly out, F9 (Flyball, 9D)
Top of the 7th over - 0 run(s), 0 hit(s), 0 error(s), 0 left on base; Irving 1 - Sun Prairie 3
BOTTOM OF THE 7TH
Sun Prairie Swallows batting - Pitching for Irving Blue Sox : LHP Carlos Hernández
Batting: LHB Jim Unknown 0-0: Ground out U3 (Groundball, 3)
Batting: RHB Jim Unknown 0-0: Ball
1-0: Foul Ball, location: 2F
1-1: Called Strike
1-2: Fly out, F9 (Popup, 4D)
Batting: RHB Jim Unknown 0-0: Ball
1-0: Ball
2-0: Called Strike
2-1: Foul Ball, location: 2F
2-2: Foul Ball, location: 2F
2-2: Ground out 6-3 (Groundball, 6M)
Bottom of the 7th over - 0 run(s), 0 hit(s), 0 error(s), 0 left on base; Irving 1 - Sun Prairie 3
TOP OF THE 8TH
Irving Blue Sox batting - Pitching for Sun Prairie Swallows : RHP Jim Unknown
Batting: RHB Alfredo Chávez 0-0: Swinging Strike
0-1: Fly out, F4 (Line Drive, 4M)
Batting: RHB Will Hunter 0-0: Ball
1-0: Foul Ball, location: 2F
1-1: Swinging Strike
1-2: Ball
2-2: Strikes out looking
Batting: RHB Nathan Boswell 0-0: Called Strike
0-1: Foul Ball, location: 2F
0-2: Ball
1-2: Fly out, F4 (Popup, 4MD)
Top of the 8th over - 0 run(s), 0 hit(s), 0 error(s), 0 left on base; Irving 1 - Sun Prairie 3
BOTTOM OF THE 8TH
Sun Prairie Swallows batting - Pitching for Irving Blue Sox : LHP Carlos Hernández
Pitching: RHP Chris Strickland
Batting: RHB Juan Tapia 0-0: Called Strike
0-1: Fly out, F6 (Popup, 6M)
Batting: SHB Jim Unknown 0-0: Called Strike
0-1: Ball
1-1: Ball
2-1: Ball
3-1: Base on Balls
Batting: SHB Jim Unknown 0-0: Ball
1-0: Fly out, F6 (Popup, 6D)
Batting: LHB Jim Unknown 0-0: Ball
1-0: Ball
2-0: Called Strike
2-1: Foul Ball, location: 2F
2-2: Strikes out swinging
Bottom of the 8th over - 0 run(s), 0 hit(s), 0 error(s), 1 left on base; Irving 1 - Sun Prairie 3
TOP OF THE 9TH
Irving Blue Sox batting - Pitching for Sun Prairie Swallows : RHP Jim Unknown
Pitching: RHP John Dufour
Batting: RHB Júlio López 0-0: Foul Ball, location: 2F
0-1: Swinging Strike
0-2: Foul Ball, location: 2F
0-2: Ball
1-2: SINGLE (Groundball, 5L)
Pinch Hitting: SHB Curt Finley 0-0: Called Strike
0-1: Ball
1-1: Foul Ball, location: 2F
1-2: Strikes out swinging
Batting: SHB Ron Peterson 0-0: Foul Ball, location: 2F
0-1: Ball
1-1: Swinging Strike
1-2: 2-RUN HOME RUN (Flyball, 89XD), Distance : 436 ft
Pinch Hitting: RHB Jim Unknown 0-0: Ball
1-0: Ball
2-0: Ball
3-0: Called Strike
3-1: Fly out, F8 (Popup, 4MD)
Batting: RHB Pat Lugo 0-0: Ball
1-0: Ball
2-0: Ball
3-0: Foul Ball, location: 2F
3-1: SINGLE (Flyball, 89S) - OUT at second base trying to stretch hit.
Top of the 9th over - 2 run(s), 3 hit(s), 0 error(s), 0 left on base; Irving 3 - Sun Prairie 3
BOTTOM OF THE 9TH
Sun Prairie Swallows batting - Pitching for Irving Blue Sox : RHP Chris Strickland
Now at SS: Curt Finley
Now in CF: Jack MacAsgill
Pinch Hitting: RHB Jim Unknown 0-0: Foul Ball, location: 2F
0-1: Ball
1-1: SINGLE (Line Drive, 6D)
Batting: RHB Jim Unknown 0-0: Called Strike
0-1: Called Strike
0-2: Fly out, F8 (Flyball, 8LM)
Batting: LHB Jim Unknown 0-0: Fly out, F9 (Flyball, 89XD)
Batting: RHB Jim Unknown 0-0: Called Strike
0-1: Ball
1-1: Ball
2-1: Ball
3-1: Base on Balls
Jim Unknown to second
Batting: RHB Jim Unknown 0-0: Swinging Strike
0-1: Ball
1-1: Ball
2-1: Ball
3-1: Base on Balls
Jim Unknown to third
Jim Unknown to second
Batting: RHB Juan Tapia 0-0: Foul Ball, location: 2F
0-1: SINGLE (Line Drive, 56D)
Jim Unknown scores
This league is powered by Out of the Park Baseball, the baseball management simulation game for PC, Mac and Linux
Friday, October 23rd, 2015 - OOTP Baseball 16.9 Build 39